 Dungeon Crawl Stone Soup version 0.26-a0-52-gd53d4cd058 (webtiles) character file.

Game seed: 17181198472019632549

29330 Insin the Cleaver (level 13, 0/136 HPs)
             Began as a Deep Dwarf Fighter on June 6, 2020.
             Was an Elder of Makhleb.
             Slain by a catoblepas (3 damage)
             ... while petrified by you
             ... on level 13 of the Dungeon.
             The game lasted 00:53:53 (12140 turns).

Insin the Cleaver (Deep Dwarf Fighter)             Turns: 12140, Time: 00:53:55

Health: 0/136      AC: 20    Str: 29    XL:     13   Next: 14%
Magic:  9/9        EV:  2    Int:  9    God:    Makhleb [****..]
Gold:   604        SH:  0    Dex: 14    Spells: 12/12 levels left

rFire    . . .     SeeInvis .   a - +4 war axe
rCold    . . .     Gourm    .   c - +1 kite shield
rNeg     + + +     Faith    .   M - +1 chain mail {rPois}
rPois    ∞         Spirit   .   s - +1 helmet
rElec    +         Reflect  .   e - scarf {repulsion}
rCorr    +         Harm     .   u - +2 pair of gloves
MR       +....                  k - +0 pair of boots
Stlth    ..........             i - amulet of the acrobat
HPRegen  0.00/turn              g - ring "Ocvay" {rElec rN+ Str+4}
MPRegen  0.11/turn              q - ring of resist corrosion

@: petrified, non-regenerating, repel missiles
A: damage resistance, heal wounds, rugged brown scales 1, thin skeletal
structure 1, sense surroundings 2, robust 1, no regeneration
a: Heal Wounds, Minor Destruction, Lesser Servant of Makhleb, Major Destruction,
Renounce Religion


You were on level 13 of the Dungeon.
You worshipped Makhleb.
Makhleb was greatly pleased with you.
You were not hungry.

You visited 2 branches of the dungeon, and saw 14 of its levels.

You collected 714 gold pieces.
You spent 110 gold pieces at shops.

Inventory:

Hand Weapons
 a - a +4 war axe (weapon)
 I - the +8 glaive of Circularity {antimagic, rC- rN+ Dex+5 SInv}
   (You found it on level 11 of the Dungeon)

   It reduces the magical energy of the wielder, and disrupts the spells and
   magical abilities of those hit.
   Natural abilities and divine invocations are not affected.
   It affects your dexterity (+5).
   It makes you vulnerable to cold.
   It protects you from negative energy.
   It lets you see invisible.
Armour
 c - a +1 kite shield (worn)
 e - a scarf of repulsion (worn)
 k - a +0 pair of boots (worn)
 l - a +0 plate armour
 s - a +1 helmet (worn)
 u - a +2 pair of gloves (worn)
 K - a scarf of invisibility
 M - a +1 chain mail of poison resistance (worn)
Jewellery
 g - the ring "Ocvay" (left hand) {rElec rN+ Str+4}
   (You acquired it on level 13 of the Dungeon)

   [ring of positive energy]

   It affects your strength (+4).
   It insulates you from electricity.
   It protects you from negative energy.
 i - an amulet of the acrobat (around neck)
 p - an uncursed ring of flight
 q - a ring of resist corrosion (right hand)
 y - an uncursed ring of protection from fire
Wands
 n - a wand of random effects (18)
 w - a wand of acid (6)
 x - a wand of iceblast (6)
 D - a wand of clouds (13)
 E - a wand of flame (12)
 J - a wand of enslavement (6)
Scrolls
 b - 6 scrolls of remove curse
 h - 8 scrolls of teleportation
 j - 2 scrolls of magic mapping
 m - 5 scrolls of identify
 o - a scroll of amnesia
 v - 2 scrolls of blinking
 L - a scroll of enchant weapon
Potions
 d - a potion of might
 r - 3 potions of flight
 t - a potion of brilliance
 z - a potion of cancellation
 A - a potion of magic
 B - 2 potions of curing
 C - a potion of heal wounds
 G - a potion of haste
 O - a potion of resistance
Comestibles
 f - 16 rations
 F - 6 chunks of flesh


   Skills:
 + Level 9.3 Fighting
 + Level 14.9 Axes
 + Level 0.3(8.4) Polearms
 + Level 10.0 Armour
 + Level 3.8 Dodging
 + Level 11.4 Shields
 + Level 1.0 Unarmed Combat
 * Level 6.8 Invocations
 + Level 1.4 Evocations


You had 12 spell levels left.
You didn't know any spells.
Your spell library contained the following spells:

 Spells                   Type           Power        Failure   Level  Hunger
 Animate Skeleton         Necr           N/A          95%         1    ##.....
 Apportation              Tloc           #.....       95%         1    ##.....
 Corona                   Hex            #......      95%         1    ##.....
 Magic Dart               Conj           #...         95%         1    ##.....
 Sting                    Tmut/Pois      #...         95%         1    ##.....
 Summon Small Mammal      Summ           #...         95%         1    ##.....
 Blink                    Tloc           N/A          99%         2    ###....
 Call Imp                 Summ           #.......     99%         2    ###....
 Poisonous Vapours        Pois/Air       #.....       99%         2    ###....
 Slow                     Hex            #.......     99%         2    ###....
 Conjure Flame            Conj/Fire      #.......     100%        3    ####...
 Ignite Poison            Fire/Tmut/Pois #.......     100%        3    ####...
 Mephitic Cloud           Conj/Pois/Air  #.......     100%        3    ####...
 Olgreb's Toxic Radiance  Pois           #.......     100%        4    #####..
 Bolt of Magma            Conj/Fire/Erth #.........   100%        5    ######.
 Iskenderun's Battlesphe  Conj/Chrm      #.......     100%        5    ######.
 Iron Shot                Conj/Erth      #.........   100%        6    #######
 Orb of Destruction       Conj           #.........   100%        7    #######
 Spellforged Servitor     Conj/Summ      #.........   100%        7    #######


Dungeon Overview and Level Annotations

Branches:
Dungeon (13/15)            Temple (1/1) D:5            Lair (0/6) D:8
    Orc (0/2) D:10         Vaults (0/5) D:13

Altars:
Dithmenos
Makhleb
Nemelex Xobeh
Ru
Sif Muna
Wu Jian
Xom
The Shining One

Shops:
D:4 !   D:6 %


Innate Abilities, Weirdness & Mutations

You are resistant to damage.
You can heal yourself by infusing magical energy.
You passively map the area around you.
You do not regenerate.
You are partially covered in rugged brown scales. (AC +1, +3% HP)
You have a somewhat thin skeletal structure. (Dex +2, Stealth)
You are robust. (+10% HP)


Message History

* * * LOW HITPOINT WARNING * * *
The fire dragon bites you. The fire dragon barely misses you.
The fire dragon tramples you but does no damage.
The catoblepas gores you but does no damage.
The fire dragon bites you. The fire dragon claws you.
The fire dragon tramples you but does no damage.
The catoblepas gores you.
* * * LOW HITPOINT WARNING * * *
The fire dragon breathes flames at you. The blast of flame hits you!!!
* * * LOW HITPOINT WARNING * * *
The catoblepas gores you!!
* * * LOW HITPOINT WARNING * * *
Your orange demon is no longer petrified.
Your orange demon stings the catoblepas from afar!
The fire dragon bites you.
The fire dragon claws you but does no damage.
The fire dragon tramples you but does no damage.
The catoblepas gores you!
You die...

.......#.##.##, * ,* #..##
##........#.# ,, * ,##..#
..........#.######### #..# ####
##.###....##)#?..!)#.# #..###...
##.# #...(.#.##...##. * ##..##.##
...# #...#.##.#...#.#* , #.......
#### #...#..#.##.##.# ##.##.#÷
#.(.##.##.#Y#.# * #..#...
#.(.##..#.#@#.# ##.#..(
######..(#...##.4D## , #....÷
.......(......#...# * , * ##.#..
....=)........##.##** * #.#.)
...............#.# , * , #.#.#
##.###...#.##..##############.#.#
##.# #...#....................#..
...###...####.#...##.#######.....
....##...# #.#......# ##.###


You could see a fire dragon (catching breath), a catoblepas and a friendly
orange demon (summoned).

Vanquished Creatures
  A yaktaur captain (D:13)
  8 vault guards (D:13)
  Erolcha (D:13)
  2 centaur warriors (D:13)
  3 two-headed ogres
  A deep troll earth mage (D:13)
  2 unseen horrors
  A deep elf mage (D:12)
  A manticore (D:13)
  2 ugly things
  3 cyclopes
  Maurice (D:8)
  A gargoyle (D:13)
  An efreet (D:12)
  A tengu conjurer (D:13)
  A hornet (D:9)
  2 trolls
  3 hippogriffs
  Sigmund (D:5)
  A shadow (D:11)
  11 yaks
  A wraith (D:11)
  2 vampires
  3 hungry ghosts
  Menkaure (D:5)
  Edmund (D:4)
  2 soldier ants (D:8)
  8 orc warriors
  3 sky beasts
  3 ice beasts
  A black bear (D:10)
  3 eyes of draining
  2 ogres
  3 necrophages
  3 phantoms
  13 centaurs
  A big kobold (D:7)
  8 bullfrogs
  A water moccasin zombie (D:5)
  A gnoll sergeant (D:9)
  A water moccasin skeleton (D:6)
  3 scorpions
  2 troll zombies (D:10)
  3 killer bees (D:9)
  10 wights
  2 electric eels (D:11)
  7 howler monkeys
  4 crimson imps
  A bullfrog zombie (D:7)
  2 quasits
  3 centaur zombies
  6 orc priests
  Crazy Yiuf (D:5)
  A gnoll shaman (D:4)
  4 hounds
  A jelly (D:3)
  2 centaur skeletons
  2 iguanas
  17 orc wizards
  8 worker ants
  6 ogre zombies (D:10)
  A hound skeleton (D:5)
  A howler monkey skeleton (D:9)
  8 gnolls
  14 adders
  6 shadow imps
  An adder zombie (D:9)
  3 worms
  3 dart slugs
  8 leopard geckos
  45 orcs
  2 ball pythons
  6 giant cockroaches
  8 goblins
  10 hobgoblins
  3 jackals (D:8)
  7 quokkas
  A ball python zombie (D:5)
  6 bats
  7 frilled lizards
  2 goblin skeletons (D:10)
  A goblin zombie (D:10)
  A hobgoblin zombie (D:10)
  15 kobolds
  3 leopard gecko skeletons
  2 orc skeletons (D:10)
  16 orc zombies (D:10)
  A quokka skeleton (D:8)
  A quokka zombie (D:8)
  8 rats
384 creatures vanquished.

Vanquished Creatures (collateral kills)
  2 hydras (D:13)
  A glowing orange brain (shapeshifter) (D:13)
  An ugly thing (D:10)
  A phantom (D:10)
  A worker ant zombie (D:10)
  An orc skeleton (D:10)
  2 orc zombies (D:10)
9 creatures vanquished.

Vanquished Creatures (others)
  4 fungi (D:4)
4 creatures vanquished.

Grand Total: 397 creatures vanquished

Notes
Turn   | Place    | Note
-------+----------+-------------------------------------------
     0 | D:1      | Insin the Deep Dwarf Fighter began the quest for the Orb.
     0 | D:1      | Reached XP level 1. HP: 20/20 MP: 1/1
   417 | D:1      | Reached XP level 2. HP: 27/27 MP: 2/2
   997 | D:2      | Found a faded altar of an unknown god.
  1056 | D:2      | Reached XP level 3. HP: 30/33 MP: 3/3
  1218 | D:2      | Reached skill level 3 in Axes
  1890 | D:3      | Reached XP level 4. HP: 17/40 MP: 4/4
  1905 | D:3      | Gained mutation: You have a somewhat thin skeletal
                  | structure. (Dex +2, Stealth) [potion of mutation]
  1905 | D:3      | Gained mutation: You are robust. (+10% HP) [potion of
                  | mutation]
  1905 | D:3      | Gained mutation: You are partially covered in rugged brown
                  | scales. (AC +1, +3% HP) [potion of mutation]
  1964 | D:3      | Reached skill level 4 in Axes
  2067 | D:3      | Reached XP level 5. HP: 30/54 MP: 5/5
  2289 | D:3      | Found a shimmering blue altar of Sif Muna.
  2437 | D:4      | Found Fyiroczo's Distillery.
  2442 | D:4      | Bought 2 potions of curing for 60 gold pieces
  2442 | D:4      | Bought a potion of heal wounds for 50 gold pieces
  2653 | D:4      | Reached skill level 5 in Shields
  2701 | D:4      | Noticed Edmund
  2720 | D:4      | Killed Edmund
  2720 | D:4      | Reached XP level 6. HP: 17/63 MP: 6/6
  3105 | D:5      | Entered Level 5 of the Dungeon
  3127 | D:5      | Reached skill level 5 in Axes
  3207 | D:5      | Found a sacrificial altar of Ru.
  3213 | D:5      | Reached skill level 1 in Dodging
  3375 | D:5      | Noticed Sigmund
  3385 | D:5      | Killed Sigmund
  3385 | D:5      | Reached XP level 7. HP: 64/71 MP: 6/6
  3395 | D:5      | Found a glowing golden altar of the Shining One.
  3406 | D:5      | Reached skill level 6 in Axes
  3447 | D:5      | Noticed Menkaure
  3454 | D:5      | Killed Menkaure
  3454 | D:5      | Reached skill level 5 in Armour
  3838 | D:5      | Found a staircase to the Ecumenical Temple.
  3848 | Temple   | Entered the Ecumenical Temple
  3858 | Temple   | Became a worshipper of Makhleb the Destroyer
  4035 | D:5      | Reached XP level 8. HP: 67/81 MP: 5/5
  4066 | D:5      | Reached skill level 7 in Axes
  4235 | D:5      | Found a runed translucent door.
  4236 | D:5      | Noticed Crazy Yiuf
  4248 | D:5      | Killed Crazy Yiuf
  4757 | D:6      | Reached skill level 8 in Axes
  4952 | D:6      | Reached * piety under Makhleb
  4972 | D:6      | Gained mutation: You passively map the area around you.
                  | [Deep Dwarf growth]
  4972 | D:6      | Reached XP level 9. HP: 73/89 MP: 6/6
  4975 | D:6      | Found Yneir's Food Boutique.
  5863 | D:7      | Reached skill level 5 in Fighting
  5942 | D:7      | Reached skill level 9 in Axes
  6297 | D:8      | Noticed Maurice
  6449 | D:8      | Reached ** piety under Makhleb
  6704 | D:8      | Reached skill level 10 in Axes
  6859 | D:8      | Found a staircase to the Lair.
  6944 | D:8      | Killed Maurice
  6944 | D:8      | Reached skill level 1 in Unarmed Combat
  6944 | D:8      | Reached XP level 10. HP: 78/102 MP: 6/6
  7513 | D:9      | Paralysed by a hornet for 2 turns
  7682 | D:9      | Reached *** piety under Makhleb
  7872 | D:9      | Reached skill level 11 in Axes
  8244 | D:9      | Found a sparkling altar of Nemelex Xobeh.
  8323 | D:10     | Entered Level 10 of the Dungeon
  8354 | D:10     | Noticed a red ugly thing
  8372 | D:10     | Killed a red ugly thing
  8425 | D:10     | Found a staircase to the Orcish Mines.
  8429 | D:10     | Killed an unseen horror
  8429 | D:10     | Reached skill level 12 in Axes
  8437 | D:10     | Reached skill level 1 in Invocations
  8437 | D:10     | Reached XP level 11. HP: 86/111 MP: 4/6
  8440 | D:10     | Reached **** piety under Makhleb
  8471 | D:10     | Noticed a two-headed ogre
  8481 | D:10     | Killed a two-headed ogre
  8899 | D:10     | Noticed a two-headed ogre
  8905 | D:10     | Killed a two-headed ogre
  9197 | D:11     | Reached ***** piety under Makhleb
  9529 | D:11     | Reached skill level 10 in Shields
  9641 | D:11     | Reached skill level 13 in Axes
  9873 | D:11     | Noticed a purple ugly thing
  9885 | D:11     | Killed a purple ugly thing
 10088 | D:11     | Got a translucent glaive
 10089 | D:11     | Identified the +8 glaive of Circularity {antimagic, rC- rN+
                  | Dex+5 SInv} (You found it on level 11 of the Dungeon)
 10254 | D:12     | Reached skill level 1 in Evocations
 10518 | D:12     | Noticed a two-headed ogre
 10529 | D:12     | Killed a two-headed ogre
 10960 | D:13     | Noticed Erolcha
 10960 | D:13     | Noticed a deep elf mage
 10964 | D:13     | Noticed a brown ugly thing
 10973 | D:13     | Killed Erolcha
 10989 | D:12     | Killed a deep elf mage
 10994 | D:12     | Reached XP level 12. HP: 121/124 MP: 6/6
 11167 | D:13     | Noticed a catoblepas
 11167 | D:13     | Noticed a six-headed hydra
 11250 | D:13     | Noticed a vault guard
 11275 | D:13     | Killed a vault guard
 11275 | D:13     | Reached skill level 14 in Axes
 11303 | D:13     | Noticed a vault guard
 11323 | D:13     | Noticed a vault guard
 11329 | D:13     | Killed a vault guard
 11343 | D:13     | Killed a vault guard
 11347 | D:13     | Noticed a vault guard
 11347 | D:13     | Noticed a vault guard
 11367 | D:13     | Noticed a vault guard
 11375 | D:13     | Killed a vault guard
 11376 | D:13     | Killed a vault guard
 11377 | D:13     | Found a gate to the Vaults.
 11403 | D:13     | Killed a vault guard
 11403 | D:13     | Reached skill level 5 in Invocations
 11453 | D:13     | Noticed a vault guard
 11476 | D:13     | Killed a vault guard
 11484 | D:13     | Noticed a vault guard
 11489 | D:13     | Noticed a yaktaur captain
 11500 | D:13     | Noticed a deep troll earth mage
 11506 | D:13     | Killed a vault guard
 11526 | D:13     | Killed a deep troll earth mage
 11533 | D:13     | Killed a yaktaur captain
 11572 | D:13     | Got a smoking ring mail
 11573 | D:13     | Identified the +1 ring mail of Zutwenec {rC- Regen+ Stlth+}
                  | (You found it on level 13 of the Dungeon)
 11580 | D:13     | Identified a scroll of acquirement
 11583 | D:13     | Got the ring "Ocvay" {rElec rN+ Str+4}
 11607 | D:13     | Noticed a centaur warrior
 11619 | D:13     | Killed a centaur warrior
 11672 | D:13     | Reached XP level 13. HP: 136/136 MP: 8/8
 12040 | D:13     | Reached skill level 10 in Armour
 12086 | D:13     | Found a runed translucent door.
 12111 | D:13     | Noticed a fire dragon
 12139 | D:13     | HP: 3/136 [catoblepas (7)]
 12140 | D:13     | Slain by a catoblepas

Illustrated notes

Levels and vault maps discovered:
D:1:      wander_arrival_lonely_grave, layout_loops_corners,
          columned_hall_lemuel, minivault_5
D:2:      layout_loops_cross, serial_glass, glass_columns_a, glass_columns_c,
          feat_on_display, due_unseen_surprise, feat_on_display,
          chequers_ecumenical_altar_simple
D:3:      layout_rooms, lemuel_blue_sif_altar, first_ration
D:4:      layout_basic, serial_shops, nicolae_shop_trees, serial_aquarium,
          aquarium_bridge_straight [aquarium_subvault_bridge,
          aquarium_subvault_window, aquarium_subvault_bridge,
          aquarium_subvault_wall], aquarium_bridge_island_small
          [aquarium_subvault_small_open, aquarium_subvault_balcony,
          aquarium_subvault_balcony, aquarium_subvault_bridge,
          aquarium_subvault_balcony], aquarium_window_1, aquarium_window_1,
          aquarium_view_2b, aquarium_balcony_3a, uniq_edmund
D:5:      minmay_chambers_of_threes, layout_layer_cave, tso_oasis_becter,
          minmay_temple_entry_large_hall, nicolae_ru_great_annihilating_truth,
          uniq_sigmund, uniq_crazy_yiuf_cottage, uniq_menkaure
D:6:      layout_layer_cave, serial_shops, shop
D:7:      layout_rooms
D:8:      layout_basic, lair_entry_dummy, hangedman_pestilent_swarm,
          uniq_maurice
D:9:      layout_roguey, nemelex_diamond_rough_becter
D:10:     layout_rooms, zombieorc2_lemuel, minmay_increasing_density
D:11:     statuecave_lemuel, layout_loops_ring
D:12:     layout_basic
D:13:     minmay_the_grid_triangle_9x9_rhombus_thin
          [minmay_the_grid_triangle_9x9_subtriangle,
          minmay_the_grid_triangle_9x9_prize_center,
          minmay_the_grid_triangle_9x9_flanged_cone,
          minmay_the_grid_triangle_9x9_longest], layout_loops_cross,
          erik_vaults_2, minmay_radiant, uniq_erolcha
Temple:   regret_index_temple_chain_breaker

Skill      XL: |  1  2  3  4  5  6  7  8  9 10 11 12 13 |
---------------+----------------------------------------+-----
Axes           | 3 4 5 6 8 10 12 13 14 | 14.9
Shields        | 4 5 7 8 9 10 11 | 11.4
Fighting       | 3 4 5 6 8 9 |  9.3
Armour         | 4 5 6 7 8 9 10 | 10.0
Dodging        | 1 2 3 |  3.8
Unarmed Combat | 1 |  1.0
Invocations    | 1 2 6 |  6.8
Evocations     | 1 |  1.4
Polearms       | |  0.3

Action                   |  1- 3 |  4- 6 |  7- 9 | 10-12 | 13-15 || total
-------------------------+-------+-------+-------+-------+-------++-------
Melee: War axe           |   114 |   170 |   421 |   787 |    30 ||  1522
       Unarmed           |       |       |    21 |       |       ||    21
       Glaive            |       |       |       |     3 |       ||     3
Invok: Lesser Servant of |       |       |       |     4 |     9 ||    13
       Minor Destruction |       |       |       |     1 |     1 ||     2
       Greater Servant o |       |       |       |       |     1 ||     1
 Abil: Heal Wounds       |       |     3 |    12 |    12 |     4 ||    31
       Evoke Flight      |       |       |     1 |     2 |       ||     3
  Use: Scroll            |     5 |     4 |     2 |    10 |       ||    21
       Potion            |     2 |    10 |     3 |     1 |     1 ||    17
 Stab: Paralysed         |       |     1 |       |       |       ||     1
       Invisible         |       |       |     1 |       |       ||     1
       Distracted        |       |       |       |     2 |       ||     2
  Eat: Chunk             |     3 |     4 |     3 |     3 |     2 ||    15
       Ration            |       |       |     3 |     6 |       ||     9
Armor: Chain mail        |    98 |    77 |   162 |    14 |    44 ||   395
       Scale mail        |     3 |       |       |       |       ||     3
       Plate armour      |       |       |    18 |   400 |       ||   418
       Skin              |       |       |     1 |       |       ||     1
Dodge: Dodged            |    27 |    43 |   110 |   234 |    34 ||   448
       Repelled          |     1 |     6 |     8 |    15 |       ||    30
Block: Kite shield       |    96 |   109 |   258 |   476 |    26 ||   965

Table legend:
 A = Non-vault XP
 B = Vault XP
 C = Vault XP percentage of total XP
 D = Non-vault monster count
 E = Vault monster count
 F = Vault count percentage of total count
                 A         B        C        D         E       F
            +---------+---------+-------+---------+---------+-------
      Total |   22139 |   19762 |  47.2 |     304 |      89 |  22.6
            +---------+---------+-------+---------+---------+-------
        D:1 |      20 |       0 |   0.0 |      13 |       0 |   0.0
        D:2 |      52 |       0 |   0.0 |      20 |       0 |   0.0
        D:3 |     151 |       0 |   0.0 |      35 |       0 |   0.0
        D:4 |      92 |     158 |  63.2 |       6 |       1 |  14.3
        D:5 |     454 |     721 |  61.4 |       8 |      17 |  68.0
        D:6 |    1256 |       0 |   0.0 |      25 |       0 |   0.0
        D:7 |    1179 |       0 |   0.0 |      32 |       0 |   0.0
        D:8 |    1038 |     823 |  44.2 |      29 |       5 |  14.7
        D:9 |    3101 |       0 |   0.0 |      38 |       0 |   0.0
       D:10 |    2722 |    2323 |  46.0 |      21 |      45 |  68.2
       D:11 |    3639 |       0 |   0.0 |      39 |       0 |   0.0
       D:12 |    3450 |     376 |   9.8 |      16 |       1 |   5.9
       D:13 |    4985 |   15361 |  75.5 |      22 |      20 |  47.6
            +---------+---------+-------+---------+---------+-------
